 Dungeon Crawl Stone Soup version 0.17-a0-1880-gacf7e67 (webtiles) character file.

6672 Raurakos the Grappler (level 10, -8/96 HPs)
             Began as a Troll Monk on Sept 21, 2015.
             Was a Priest of Cheibriados.
             Mangled by a five-headed hydra (12 damage)
             ... on level 1 of the Lair of Beasts.
             The game lasted 00:42:01 (7652 turns).

Raurakos the Grappler (Troll Monk)                  Turns: 7652, Time: 00:42:02

Health: -8/96      AC:  6    Str: 29    XL:     10   Next: 73%
Magic:  1/11       EV: 14    Int: 17    God:    Cheibriados [***...]
Gold:   496        SH:  0    Dex: 22    Spells: 0 memorised, 9 levels left

rFire  . . .     SeeInvis .       - Unarmed
rCold  . . .     Clarity  .     a - +0 robe
rNeg   . . .     SustAt   .     (no shield)
rPois  .         Gourm    +     (helmet restricted)
rElec  .         Spirit   .     q - +0 cloak
rCorr  .         Warding  .     (gloves unavailable)
rMut   .         Stasis   .     (boots unavailable)
MR     .....                    (no amulet)
Stlth  ++........               C - +2 ring of dexterity
                                (no ring)

@: very slow, not resistant to hostile enchantments, unstealthy
A: unfitting armour, claws 3, fast metabolism 3, gourmand, regeneration 2,
shaggy fur 1, tough skin 2
a: Bend Time, Temporal Distortion, Renounce Religion


You were on level 1 of the Lair of Beasts.
You worshipped Cheibriados.
Cheibriados was most pleased with you.
You were very full.

You visited 3 branches of the dungeon, and saw 11 of its levels.

You collected 496 gold pieces.

Inventory:

Missiles
 g - 85 stones (quivered)
 z - 2 throwing nets
Armour
 a - a +0 robe (worn)
 q - a +0 cloak (worn)
Jewellery
 u - an uncursed ring of teleportation
 y - an uncursed ring of invisibility
 C - a +2 ring of dexterity (right claw)
Magical devices
 w - a wand of magic darts (10)
 F - a wand of digging (6)
 I - a wand of lightning (2)
Scrolls
 d - 2 scrolls of teleportation
 n - 2 scrolls of magic mapping
 r - a scroll of fear {unknown}
 x - 4 scrolls of remove curse
 E - a scroll of recharging {unknown}
 H - a scroll of fog {unknown}
 J - a scroll of blinking {unknown}
Potions
 c - 2 potions of flight
 e - a potion of lignification {unknown}
 i - a potion of ambrosia
 k - 4 potions of might
 l - 5 potions of curing
 m - a potion of cure mutation {unknown}
 s - 2 potions of brilliance {unknown}
 G - a potion of invisibility {unknown}
Comestibles
 b - 8 bread rations
 f - 5 meat rations


   Skills:
 - Level 5.0 Fighting
 - Level 5.1 Dodging
 - Level 1.1 Stealth
 - Level 14.0 Unarmed Combat
 + Level 3.3 Invocations


You had 9 spell levels left.
You didn't know any spells.

Dungeon Overview and Level Annotations

Branches:
Dungeon (9/15)             Temple (1/1) D:7            Lair (1/8) D:9
    Orc: D:9-12

Altars:
Ashenzari
Cheibriados
Dithmenos
Elyvilon
Fedhas
Gozag
Kikubaaqudgha
Makhleb
Nemelex Xobeh
Okawaru
Qazlal
Ru
Sif Muna
Trog
Vehumet
Xom
Yredelemnul
Zin
The Shining One

Shops:
D:4 (   D:9 (

Annotations:
D:5 exclusion: orc warrior, Grinder


Innate Abilities, Weirdness & Mutations

You are too large for most types of armour.
You have claws for hands.
Your metabolism is lightning-fast.
You like to eat raw meat.
You heal very quickly.
You are covered in fur (AC +1).
You have very tough skin (AC +2).


Message History

The five-headed hydra completely misses you.
The five-headed hydra bites you. x2
The five-headed hydra barely misses you.
Use which ability?
You fail to use your ability.
The five-headed hydra bites you. The five-headed hydra bites you!
* * * LOW HITPOINT WARNING * * *
The five-headed hydra bites you!
* * * LOW HITPOINT WARNING * * *
The five-headed hydra closely misses you.
The five-headed hydra bites you.
* * * LOW HITPOINT WARNING * * *
Use which ability?
You can feel time thicken for a moment.
You feel somewhat less full.
You can no longer inflict damage on those overly hasty.
Cheibriados reduces the support of your attributes as your movement quickens.
The five-headed hydra bites you!
* * * LOW HITPOINT WARNING * * *
The five-headed hydra bites you!
You die...

#....#. #### ####.
##...#.###P.####.##.
##..##............##.
#.......#########.#..
#.#...### ##....
#.#...# #..##. #.....#
##.... ##.###.##
#..### #....@..#
##..## #....D.## #.###
#.P...#...### ##..#.
#............####..###
##....##..#Y...≈.≈.≈#.
###.## #.#≈≈≈≈≈≈≈≈≈#.
#. #..≈≈≈≈≈≈≈≈... #.
#.≈≈≈≈≈≈≈≈≈≈..
#..≈≈≈.≈≈≈≈≈†#


You could see a five-headed hydra and a yak.

Vanquished Creatures
  Joseph (D:9)
  2 two-headed ogres
  8 yaks
  2 hippogriffs
  A deep elf mage (D:7)
  2 wargs (D:9)
  3 ice beasts
  2 sky beasts
  A black bear (D:5)
  2 orc warriors
  5 phantoms
  4 ogres
  2 centaurs
  An eye of draining (D:9)
  4 giant frogs
  A wyvern zombie (D:8)
  2 scorpions (D:6)
  3 killer bees (D:7)
  5 wights (D:7)
  A quasit (D:5)
  2 electric eels (D:6)
  5 crimson imps
  A centaur skeleton (D:3)
  4 hounds
  A giant frog skeleton (D:5)
  7 orc priests
  A centaur zombie (D:9)
  3 jellies
  6 worker ants
  2 iguanas (D:6)
  11 orc wizards
  4 sheep (Lair:1)
  A hound zombie (D:9)
  3 hound skeletons
  12 river rats (Lair:1)
  9 adders
  3 gnolls (D:8)
  An ooze (D:7)
  A shadow imp (D:7)
  An adder skeleton (D:3)
  An adder zombie (D:7)
  2 worms
  4 giant geckos
  29 orcs
  5 bats
  3 giant cockroaches
  9 goblins
  5 hobgoblins
  2 jackals (D:3)
  13 kobolds
  4 quokkas
  A giant cockroach zombie (D:3)
  2 giant gecko skeletons
  3 giant newts
  A jackal zombie (D:5)
  26 rats
240 creatures vanquished.

Notes
Turn   | Place    | Note
--------------------------------------------------------------
     0 | D:1      | Raurakos the Troll Monk began the quest for the Orb.
     0 | D:1      | Reached XP level 1. HP: 22/22 MP: 0/0
   389 | D:1      | Reached XP level 2. HP: 29/29 MP: 1/1
   884 | D:2      | Reached skill level 5 in Unarmed Combat
   901 | D:2      | Reached XP level 3. HP: 31/36 MP: 2/2
   993 | D:2      | Found a sparkling altar of Nemelex Xobeh.
  1119 | D:2      | Found a shattered altar of Ashenzari.
  1412 | D:2      | Reached XP level 4. HP: 36/44 MP: 3/3
  1639 | D:3      | Found a sacrificial altar of Ru.
  1800 | D:3      | Reached skill level 6 in Unarmed Combat
  1868 | D:3      | Reached XP level 5. HP: 50/50 MP: 4/4
  1947 | D:3      | Found a stormy altar of Qazlal.
  2181 | D:3      | Found an opulent altar of Gozag.
  2290 | D:3      | Found a bloodstained altar of Trog.
  2370 | D:4      | Reached skill level 7 in Unarmed Combat
  2631 | D:4      | Found Qadetohu's Antique Weapon Shoppe.
  2686 | D:4      | Noticed a phantom
  2695 | D:4      | Reached XP level 6. HP: 50/59 MP: 5/5
  2713 | D:4      | Killed a phantom
  2802 | D:4      | Reached skill level 8 in Unarmed Combat
  2927 | D:4      | Found a radiant altar of Vehumet.
  2928 | D:4      | Found a burning altar of Makhleb.
  3062 | D:5      | Entered Level 5 of the Dungeon
  3134 | D:5      | Reached XP level 7. HP: 66/66 MP: 6/6
  3145 | D:5      | Found a shadowy altar of Dithmenos.
  3250 | D:5      | Noticed Grinder
  3365 | D:5      | Reached skill level 9 in Unarmed Combat
  3410 | D:5      | Found a deep blue altar of Sif Muna.
  3964 | D:6      | Noticed a two-headed ogre
  4134 | D:6      | Reached skill level 10 in Unarmed Combat
  4161 | D:6      | Reached XP level 8. HP: 56/74 MP: 7/7
  4345 | D:6      | Reached skill level 11 in Unarmed Combat
  5100 | D:7      | Reached skill level 12 in Unarmed Combat
  5141 | D:7      | Reached XP level 9. HP: 77/80 MP: 8/8
  5145 | D:7      | Found a white marble altar of Elyvilon.
  5209 | D:7      | Found a glowing silver altar of Zin.
  5223 | D:7      | Found a basalt altar of Yredelemnul.
  5316 | D:7      | Found a staircase to the Ecumenical Temple.
  5326 | Temple   | Entered the Ecumenical Temple
  5371 | Temple   | Became a worshipper of Cheibriados the Contemplative
  5371 | Temple   | Acquired Cheibriados's first power
  5512 | D:7      | Reached skill level 1 in Invocations
  6352 | D:9      | Reached skill level 13 in Unarmed Combat
  6518 | D:9      | Found Fybu's Antique Weapon Boutique.
  6605 | D:9      | Acquired Cheibriados's second power
  6611 | D:9      | Reached XP level 10. HP: 58/91 MP: 11/11
  6836 | D:9      | Noticed Joseph
  6954 | D:9      | Reached skill level 14 in Unarmed Combat
  7057 | D:9      | Found a staircase to the Lair.
  7221 | D:9      | Killed Joseph
  7452 | D:9      | Reached skill level 5 in Fighting
  7463 | Lair:1   | Entered Level 1 of the Lair of Beasts
  7536 | Lair:1   | Acquired Cheibriados's third power
  7549 | Lair:1   | Reached skill level 5 in Dodging
  7643 | Lair:1   | Noticed a five-headed hydra
  7652 | Lair:1   | HP: 4/96 [five-headed hydra (7)]
  7652 | Lair:1   | Mangled by a five-headed hydra

Vault maps used:
D:1:      matt_arrival_refuge, roderic_roman_lattice, minmay_unequal
D:2:      nicolae_overflow_crystal_walls, first_bread,
          nemelex_lonely_heart_becter
D:3:      nicolae_overflow_hidden_temple, old_standard_altar,
          nicolae_ru_awakened_eye, lemuel_coloured_pillars_altar, serial_undead,
          serial_undead_e, serial_undead_a, serial_undead_e, serial_undead_a,
          minmay_rat_hole
D:4:      grunt_temple_overflow_lords_of_destruction, serial_shops,
          nicolae_shop_waterfront
D:5:      kennysheep_mini_moat, lemuel_crystal_altar, corexii_corridor_pit,
          guppyfry_early_orc_mine, uniq_grinder
D:6:      nicolae_water_bricks
D:7:      overflow_temple_1_default, old_standard_altar, zin_statuary
D:9:      erik_lair_orcish_takeover, serial_shops, shop, uniq_joseph
Temple:   temple_island_7
Lair:1:   serial_bayou_shore_a, infiniplex_staircase_pool_2

Action                   |  1- 3 |  4- 6 |  7- 9 | 10-12 || total
-------------------------+-------+-------+-------+-------++-------
Melee: Unarmed           |    87 |   147 |   317 |   138 ||   689
Throw: Stone             |       |     6 |    31 |    16 ||    53
Invok: Slouch            |       |       |       |     2 ||     2
       Temporal Distorti |       |       |       |     1 ||     1
 Abil: Evoke Teleportati |       |       |     1 |     1 ||     2
Evoke: Wand              |       |       |     2 |     9 ||    11
  Use: Scroll            |       |     9 |     3 |       ||    12
       Potion            |       |       |       |     3 ||     3
 Stab: Sleeping          |     4 |     1 |     5 |       ||    10
  Eat: Chunk             |    16 |    16 |    28 |     7 ||    67
